TOP OF THE 1ST |
Menlo Maniacs batting - Pitching for Riverside Red Bulls : RHP Don Kirk
|
Pitching: RHP Don Kirk
|
|
Batting: RHB António López
|
0-0: Foul Ball, location: 2F 0-1: Foul Ball, location: 2F 0-2: Ball 1-2: Foul Ball, location: 2F 1-2: Ball Error on foul ball, E3 2-2: Ball 3-2: Base on Balls
|
Batting: RHB Kyle Mann
|
0-0: Ball 1-0: Ball 2-0: Fielders Choice at 2nd, 6-4 (Groundball, 6)
|
Batting: LHB Bill McCraney
|
0-0: Ball 1-0: Ball 2-0: Foul Ball, location: 2F 2-1: Ground out U3 (Groundball, 34) Kyle Mann to second
|
Batting: RHB Jason Blair
|
0-0: Ball 1-0: Ball 2-0: Ball 3-0: Base on Balls
|
Batting: RHB Luis Ramírez
|
0-0: Called Strike 0-1: Ball 1-1: Ball 2-1: Ball 3-1: Base on Balls Kyle Mann to third Jason Blair to second
|
Batting: RHB Currito Campos
|
0-0: GRAND SLAM HOME RUN (Flyball, 7LD), Distance : 400 ft
|
Batting: RHB Byron Bracy
|
0-0: Ball 1-0: Ball 2-0: Fly out, F8 (Flyball, 8LD)
|
Top of the 1st over - 4 run(s), 1 hit(s), 1 error(s), 0 left on base; Menlo 4 - Riverside 0 |
BOTTOM OF THE 1ST |
Riverside Red Bulls batting - Pitching for Menlo Maniacs : RHP Daniel Betteridge
|
Pitching: RHP Daniel Betteridge
|
|
Batting: RHB Kevin Brown
|
0-0: Called Strike 0-1: Ball 1-1: Swinging Strike 1-2: SINGLE (Groundball, 56D)
|
Batting: RHB José Vázquez
|
0-0: Ball 1-0: Fly out, F9 (Flyball, 9)
|
Batting: RHB Pedro Mata
|
0-0: Called Strike Kevin Brown is caught stealing 2nd base 0-1: Ball 1-1: Swinging Strike 1-2: Ball 2-2: Ground out 6-3 (Groundball, 6)
|
Bottom of the 1st over - 0 run(s), 1 hit(s), 0 error(s), 0 left on base; Menlo 4 - Riverside 0 |
TOP OF THE 2ND |
Menlo Maniacs batting - Pitching for Riverside Red Bulls : RHP Don Kirk
|
Batting: RHB Miguel González
|
0-0: Called Strike 0-1: Foul Ball, location: 2F 0-2: Foul Ball, location: 2F 0-2: Strikes out looking
|
Batting: RHB Vaughan Price
|
0-0: Ball 1-0: Foul Ball, location: 2F 1-1: Called Strike 1-2: Strikes out swinging
|
Batting: RHB António López
|
0-0: Called Strike 0-1: SINGLE (Groundball, 6MD)
|
Batting: RHB Kyle Mann
|
0-0: Ball 1-0: Called Strike 1-1: Called Strike 1-2: Ball 2-2: Strikes out swinging
|
Top of the 2nd over - 0 run(s), 1 hit(s), 0 error(s), 1 left on base; Menlo 4 - Riverside 0 |
BOTTOM OF THE 2ND |
Riverside Red Bulls batting - Pitching for Menlo Maniacs : RHP Daniel Betteridge
|
Batting: SHB Walt Simmons
|
0-0: Foul Ball, location: 2F 0-1: Ball 1-1: Ball 2-1: Hit by Pitch
|
Pinch Runner at 1st Roberto Moreno:
|
|
Batting: LHB Nathan Frey
|
0-0: Ball 1-0: Foul Ball, location: 2F 1-1: Ball 2-1: Ball 3-1: Base on Balls Roberto Moreno to second
|
Batting: RHB Patrick Daniels
|
0-0: DOUBLE (Line Drive, 8RXD) Roberto Moreno scores Nathan Frey to third
|
Batting: LHB José Arce
|
0-0: Ball 1-0: Fly out, F7 (Flyball, 7S)
|
Batting: RHB Alfredo Montalvo
|
0-0: Called Strike 0-1: Ball 1-1: Swinging Strike 1-2: Fly out, F9 (Flyball, 9)
|
Batting: RHB Isaac Pope
|
0-0: Foul Ball, location: 2F 0-1: Foul Ball, location: 2F 0-2: Foul Ball, location: 2F 0-2: Strikes out swinging
|
Bottom of the 2nd over - 1 run(s), 1 hit(s), 0 error(s), 2 left on base; Menlo 4 - Riverside 1 |
TOP OF THE 3RD |
Menlo Maniacs batting - Pitching for Riverside Red Bulls : RHP Don Kirk
|
Now at 2B: Roberto Moreno
|
|
Batting: LHB Bill McCraney
|
0-0: Foul Ball, location: 2F 0-1: Ball 1-1: Ball 2-1: Ball 3-1: Fly out, F7 (Flyball, 78M)
|
Batting: RHB Jason Blair
|
0-0: Ground out 5-3 (Groundball, 56)
|
Batting: RHB Luis Ramírez
|
0-0: Ball 1-0: Called Strike 1-1: Swinging Strike 1-2: Ball 2-2: Ball 3-2: Foul Ball, location: 2F 3-2: Fly out, F9 (Flyball, 9)
|
Top of the 3rd over - 0 run(s), 0 hit(s), 0 error(s), 0 left on base; Menlo 4 - Riverside 1 |
BOTTOM OF THE 3RD |
Riverside Red Bulls batting - Pitching for Menlo Maniacs : RHP Daniel Betteridge
|
Batting: RHB Kevin Brown
|
0-0: Ball 1-0: Ball 2-0: Ball 3-0: Base on Balls
|
Batting: RHB José Vázquez
|
0-0: Ball Kevin Brown steals 2nd base 1-0: Ball 2-0: Foul Ball, location: 2F 2-1: Ball 3-1: Base on Balls
|
Batting: RHB Pedro Mata
|
0-0: Swinging Strike 0-1: Called Strike 0-2: Ball 1-2: Ball 2-2: Grounds into double play, 4-6-3 (Groundball, 4) Kevin Brown to third
|
Batting: RHB Roberto Moreno
|
0-0: Ball 1-0: Swinging Strike 1-1: Ball 2-1: Ball 3-1: Base on Balls
|
Batting: LHB Nathan Frey
|
0-0: Ball 1-0: Called Strike 1-1: Ball 2-1: Swinging Strike 2-2: Ball 3-2: Foul Ball, location: 2F 3-2: SINGLE (Line Drive, 9S) Kevin Brown scores Roberto Moreno to second Roberto Moreno to third
|
Batting: RHB Patrick Daniels
|
0-0: Ball 1-0: Called Strike 1-1: Ball 2-1: Foul Ball, location: 2F 2-2: Strikes out swinging
|
Bottom of the 3rd over - 1 run(s), 1 hit(s), 0 error(s), 2 left on base; Menlo 4 - Riverside 2 |
TOP OF THE 4TH |
Menlo Maniacs batting - Pitching for Riverside Red Bulls : RHP Don Kirk
|
Batting: RHB Currito Campos
|
0-0: Foul Ball, location: 2F 0-1: Swinging Strike 0-2: Foul Ball, location: 2F 0-2: Foul Ball, location: 2F 0-2: Foul Ball, location: 2F 0-2: Ball 1-2: SINGLE (Line Drive, 7LM)
|
Pitching: RHP Gene Whitley
|
|
Batting: RHB Byron Bracy
|
0-0: Called Strike 0-1: Fly out, F8 (Flyball, 8RS)
|
Batting: RHB Miguel González
|
0-0: Foul Ball, location: 2F 0-1: Ball 1-1: Ball Passed Ball! Currito Campos to second 2-1: Ball 3-1: Base on Balls
|
Batting: RHB Vaughan Price
|
0-0: Called Strike 0-1: SINGLE (Groundball, 6D) Currito Campos to third Miguel González to second Runner from 3rd tries for Home, SAFE, throw made at trailing runner, SAFE at third!
|
Batting: RHB António López
|
0-0: Grounds into double play, 6-4-3 (Groundball, 6)
|
Top of the 4th over - 1 run(s), 2 hit(s), 0 error(s), 1 left on base; Menlo 5 - Riverside 2 |
BOTTOM OF THE 4TH |
Riverside Red Bulls batting - Pitching for Menlo Maniacs : RHP Daniel Betteridge
|
Batting: LHB José Arce
|
0-0: Called Strike 0-1: Ball 1-1: SINGLE (Flyball, 78S)
|
Batting: RHB Alfredo Montalvo
|
0-0: Called Strike 0-1: Foul Ball, location: 2F 0-2: Ball 1-2: Strikes out swinging
|
Batting: RHB Isaac Pope
|
0-0: Ball 1-0: Grounds into double play, 1-4-3 (Groundball, 15S)
|
Bottom of the 4th over - 0 run(s), 1 hit(s), 0 error(s), 0 left on base; Menlo 5 - Riverside 2 |
TOP OF THE 5TH |
Menlo Maniacs batting - Pitching for Riverside Red Bulls : RHP Gene Whitley
|
Batting: RHB Kyle Mann
|
0-0: Fly out, F5 (Line Drive, 5S)
|
Batting: LHB Bill McCraney
|
0-0: SINGLE (Groundball, 3D)
|
Batting: RHB Jason Blair
|
0-0: Foul Ball, location: 2F 0-1: Ball 1-1: Called Strike 1-2: Strikes out swinging
|
Batting: RHB Luis Ramírez
|
0-0: Foul Ball, location: 2F 0-1: Ball 1-1: Ball 2-1: Swinging Strike 2-2: 2-RUN HOME RUN (Flyball, 8LXD), Distance : 425 ft
|
Batting: RHB Currito Campos
|
0-0: Foul Ball, location: 2F 0-1: Ball 1-1: SINGLE (Groundball, 6MD)
|
Batting: RHB Byron Bracy
|
0-0: Called Strike 0-1: Ball 1-1: Foul Ball, location: 2F 1-2: Fly out, F4 (Popup, 4D)
|
Top of the 5th over - 2 run(s), 3 hit(s), 0 error(s), 1 left on base; Menlo 7 - Riverside 2 |
BOTTOM OF THE 5TH |
Riverside Red Bulls batting - Pitching for Menlo Maniacs : RHP Daniel Betteridge
|
Batting: RHB Kevin Brown
|
0-0: Ball 1-0: Ball 2-0: Fly out, F8 (Flyball, 8RS)
|
Pitching: RHP Juan Caballero
|
|
Batting: RHB José Vázquez
|
0-0: Called Strike 0-1: Swinging Strike 0-2: Strikes out looking
|
Batting: RHB Pedro Mata
|
0-0: Ground out 6-3 (Groundball, 6)
|
Bottom of the 5th over - 0 run(s), 0 hit(s), 0 error(s), 0 left on base; Menlo 7 - Riverside 2 |
TOP OF THE 6TH |
Menlo Maniacs batting - Pitching for Riverside Red Bulls : RHP Gene Whitley
|
Pitching: RHP Jeff Smith
|
|
Batting: RHB Miguel González
|
0-0: Ball 1-0: Reached on error, E4 (Groundball, 4)
|
Batting: RHB Vaughan Price
|
0-0: Ball 1-0: Called Strike 1-1: Ball 2-1: Ball 3-1: Grounds into double play, 5-4-3 (Groundball, 56)
|
Batting: RHB António López
|
0-0: Foul Ball, location: 2F 0-1: SINGLE (Groundball, 34S) (infield hit)
|
Batting: RHB Kyle Mann
|
0-0: Ball 1-0: Called Strike 1-1: Swinging Strike 1-2: Strikes out swinging
|
Top of the 6th over - 0 run(s), 1 hit(s), 1 error(s), 1 left on base; Menlo 7 - Riverside 2 |
BOTTOM OF THE 6TH |
Riverside Red Bulls batting - Pitching for Menlo Maniacs : RHP Juan Caballero
|
Batting: RHB Roberto Moreno
|
0-0: Ball 1-0: Ball 2-0: Ball 3-0: Called Strike 3-1: Base on Balls
|
Batting: LHB Nathan Frey
|
0-0: Ball 1-0: Foul Ball, location: 2F 1-1: Ball 2-1: Foul Ball, location: 2F 2-2: Foul Ball, location: 2F 2-2: Ball 3-2: Foul Ball, location: 2F 3-2: Base on Balls Roberto Moreno to second
|
Batting: RHB Patrick Daniels
|
0-0: Ball 1-0: Swinging Strike 1-1: Grounds into double play, 6-4-3 (Groundball, 6M) Roberto Moreno to third
|
Batting: LHB José Arce
|
0-0: Swinging Strike 0-1: Foul Ball, location: 2F 0-2: Ball Passed Ball! Roberto Moreno scores 1-2: Ball 2-2: Ball 3-2: Strikes out swinging
|
Bottom of the 6th over - 1 run(s), 0 hit(s), 0 error(s), 0 left on base; Menlo 7 - Riverside 3 |
TOP OF THE 7TH |
Menlo Maniacs batting - Pitching for Riverside Red Bulls : RHP Jeff Smith
|
Batting: LHB Bill McCraney
|
0-0: Ball 1-0: Ground out 1-3 (Groundball, P)
|
Batting: RHB Jason Blair
|
0-0: Ball 1-0: Ball 2-0: Swinging Strike 2-1: SINGLE (Line Drive, 6D)
|
Batting: RHB Luis Ramírez
|
0-0: Swinging Strike 0-1: Called Strike 0-2: Ball 1-2: Foul Ball, location: 2F 1-2: 2-RUN HOME RUN (Flyball, 9D), Distance : 415 ft
|
Batting: RHB Currito Campos
|
0-0: Ball 1-0: Ball 2-0: Ball 3-0: Base on Balls
|
Batting: RHB Byron Bracy
|
0-0: Ball 1-0: Foul Ball, location: 2F 1-1: Swinging Strike 1-2: Strikes out swinging
|
Batting: RHB Miguel González
|
0-0: Swinging Strike 0-1: Swinging Strike 0-2: Ball 1-2: Strikes out swinging
|
Top of the 7th over - 2 run(s), 2 hit(s), 0 error(s), 1 left on base; Menlo 9 - Riverside 3 |
BOTTOM OF THE 7TH |
Riverside Red Bulls batting - Pitching for Menlo Maniacs : RHP Juan Caballero
|
Batting: RHB Alfredo Montalvo
|
0-0: Fly out, F4 (Popup, 34D)
|
Batting: RHB Isaac Pope
|
0-0: Called Strike 0-1: Ground out 4-3 (Groundball, 4)
|
Batting: RHB Kevin Brown
|
0-0: Ball 1-0: Ball 2-0: Ball 3-0: Called Strike 3-1: Base on Balls
|
Batting: RHB José Vázquez
|
0-0: Ball 1-0: Called Strike 1-1: Called Strike 1-2: Ball 2-2: Strikes out swinging
|
Bottom of the 7th over - 0 run(s), 0 hit(s), 0 error(s), 1 left on base; Menlo 9 - Riverside 3 |
TOP OF THE 8TH |
Menlo Maniacs batting - Pitching for Riverside Red Bulls : RHP Jeff Smith
|
Batting: RHB Vaughan Price
|
0-0: Foul Ball, location: 2F 0-1: Ground out 4-3 (Groundball, 4)
|
Batting: RHB António López
|
0-0: Ball 1-0: Swinging Strike 1-1: Ball 2-1: Ball 3-1: Base on Balls
|
Batting: RHB Kyle Mann
|
0-0: Ball 1-0: Called Strike 1-1: SINGLE (Line Drive, 56) António López to second
|
Batting: LHB Bill McCraney
|
0-0: Ball 1-0: Called Strike 1-1: Called Strike 1-2: Ball 2-2: Strikes out swinging
|
Batting: RHB Jason Blair
|
0-0: Ball 1-0: Ball 2-0: Ball 3-0: Called Strike 3-1: Fly out, F8 (Flyball, 8RM)
|
Top of the 8th over - 0 run(s), 1 hit(s), 0 error(s), 2 left on base; Menlo 9 - Riverside 3 |
BOTTOM OF THE 8TH |
Riverside Red Bulls batting - Pitching for Menlo Maniacs : RHP Juan Caballero
|
Now in LF: Chris Hall
|
|
Now in CF: Ryan Holcomb
|
|
Batting: RHB Pedro Mata
|
0-0: Ground out 6-3 (Groundball, 6)
|
Batting: RHB Roberto Moreno
|
0-0: Called Strike 0-1: Ball 1-1: SINGLE (Groundball, 4MD)
|
Batting: LHB Nathan Frey
|
0-0: Foul Ball, location: 2F 0-1: Ball 1-1: Ball 2-1: Ball 3-1: Foul Ball, location: 2F 3-2: Base on Balls Roberto Moreno to second
|
Batting: RHB Patrick Daniels
|
0-0: Ball 1-0: Foul Ball, location: 2F 1-1: Ball 2-1: Grounds into double play, 6-4-3 (Groundball, 6)
|
Bottom of the 8th over - 0 run(s), 1 hit(s), 0 error(s), 1 left on base; Menlo 9 - Riverside 3 |
TOP OF THE 9TH |
Menlo Maniacs batting - Pitching for Riverside Red Bulls : RHP Jeff Smith
|
Pitching: RHP Jeremiah Boswell
|
|
Batting: RHB Luis Ramírez
|
0-0: Ball 1-0: Ball 2-0: Called Strike 2-1: Ball 3-1: Foul Ball, location: 2F 3-2: Base on Balls
|
Batting: RHB Currito Campos
|
0-0: Ball 1-0: Ball 2-0: Called Strike 2-1: Ball 3-1: SINGLE (Groundball, 6) (infield hit) Luis Ramírez to second
|
Batting: RHB Byron Bracy
|
0-0: Called Strike 0-1: Called Strike 0-2: Strikes out looking
|
Batting: RHB Miguel González
|
0-0: Ball 1-0: Foul Ball, location: 2F 1-1: Foul Ball, location: 2F 1-2: Strikes out swinging
|
Batting: RHB Vaughan Price
|
0-0: SINGLE (Groundball, 6MD) Luis Ramírez to third Currito Campos to second Runner from 3rd tries for Home, SAFE, throw made home
|
Batting: SHB Ryan Holcomb
|
0-0: Ball 1-0: Ball 2-0: Called Strike 2-1: SINGLE (Groundball, 6) (infield hit) Currito Campos to third Vaughan Price to second
|
Batting: SHB Chris Hall
|
0-0: Ball 1-0: Ball 2-0: Called Strike 2-1: Ball 3-1: Foul Ball, location: 2F 3-2: Foul Ball, location: 2F 3-2: Base on Balls Currito Campos scores Vaughan Price to third Ryan Holcomb to second
|
Batting: LHB Bill McCraney
|
0-0: Ball 1-0: Ball 2-0: Foul Ball, location: 2F 2-1: Swinging Strike 2-2: Foul Ball, location: 2F 2-2: Foul Ball, location: 2F 2-2: Foul Ball, location: 2F 2-2: Ball 3-2: Foul Ball, location: 2F 3-2: Base on Balls Vaughan Price scores Ryan Holcomb to third Chris Hall to second
|
Pitching: LHP Chuck Cox
|
|
Batting: RHB Jason Blair
|
0-0: Called Strike 0-1: Called Strike 0-2: Strikes out looking
|
Top of the 9th over - 3 run(s), 3 hit(s), 0 error(s), 3 left on base; Menlo 12 - Riverside 3 |
BOTTOM OF THE 9TH |
Riverside Red Bulls batting - Pitching for Menlo Maniacs : RHP Juan Caballero
|
Pitching: LHP Joe Jenkins
|
|
Now at C: Gilberto León
|
|
Batting: LHB José Arce
|
0-0: Ball 1-0: Ball 2-0: Ball 3-0: Base on Balls
|
Batting: RHB Alfredo Montalvo
|
0-0: Ball 1-0: Swinging Strike 1-1: Ball 2-1: Foul Ball, location: 2F 2-2: Strikes out swinging
|
Batting: RHB Isaac Pope
|
0-0: Called Strike 0-1: Ball 1-1: Ball 2-1: Foul Ball, location: 2F 2-2: Strikes out looking and he physically ARGUES THE CALL AND IS TOSSED!
|
Batting: RHB Kevin Brown
|
0-0: Called Strike 0-1: Called Strike 0-2: DOUBLE (Line Drive, 78M) José Arce to third Runner from 3rd tries for Home, SAFE, throw made at trailing runner, SAFE at third!
|
Batting: RHB José Vázquez
|
0-0: Called Strike 0-1: SINGLE (Flyball, 78S) Kevin Brown scores
|
Batting: RHB Pedro Mata
|
0-0: Called Strike 0-1: Ball 1-1: Called Strike 1-2: Ball 2-2: Ball 3-2: Base on Balls José Vázquez to second
|
Batting: RHB Roberto Moreno
|
0-0: Called Strike 0-1: Called Strike 0-2: Foul Ball, location: 2F 0-2: Foul Ball, location: 2F 0-2: Foul Ball, location: 2F 0-2: Ground out 3-1 (Groundball, 34S)
|
Bottom of the 9th over - 2 run(s), 2 hit(s), 0 error(s), 2 left on base; Menlo 12 - Riverside 5 |
|